 Dungeon Crawl Stone Soup version 0.30-a0-634-g8abc85282e (webtiles) character file.

Game seed: 12933516810750698863

2823 Citaku the Protected (level 9, -7/77 (79) HPs)
             Began as a Minotaur Fighter on Jan 14, 2023.
             Was an Initiate of Gozag.
             Mangled by a two-headed ogre
             ... wielding a +0 giant spiked club
              (14 damage)
             ... on level 8 of the Dungeon.
             The game lasted 00:12:41 (7655 turns).

Citaku the Protected (Minotaur Fighter)             Turns: 7655, Time: 00:12:42

HP:   -7/77 (79)    AC: 19    Str: 24    XL:     9   Next: 45%
MP:   8/8           EV:  9    Int:  5    God:    Gozag
Gold: 889           SH:  5    Dex: 11    Spells: 8/8 levels left

rFire   . . .      SeeInvis .    k - +2 hand axe (protect)
rCold   . . .      Faith    .    c - +0 buckler
rNeg    . . .      Spirit   .    b - +0 scale mail
rPois   .          Reflect  .    (helmet restricted)
rElec   .          Harm     .    z - +1 cloak
rCorr   .          Rampage  .    (no gloves)
Will    .....                    i - +0 pair of boots Stlth
                                 (no amulet)
HPRegen 0.32/turn                (no ring)
MPRegen 0.11/turn                (no ring)

@: gold aura, under a protective aura, lightly drained
A: horns 2, retaliatory headbutt
a: Renounce Religion, Potion Petition, Call Merchant, Bribe Branch


You were on level 8 of the Dungeon.
You worshipped Gozag.
Gozag was pleased with you.
You visited 2 branches of the dungeon, and saw 9 of its levels.
You also visited: Sewer.

You collected 979 gold pieces.
You paid 90 gold pieces to Gozag.

Inventory:

Hand Weapons
 k - a +2 hand axe of protection (weapon)
Armour
 b - a +0 scale mail (worn)
 c - a +0 buckler (worn)
 i - a +0 pair of boots (worn)
 z - a +1 cloak (worn)
Wands
 a - a wand of polymorph (7)
 v - a wand of paralysis (8)
Scrolls
 e - 3 scrolls of fog
 f - a scroll of magic mapping
 h - a scroll of fear
 l - 3 scrolls of teleportation
 o - 2 scrolls of immolation
Potions
 d - 2 potions of cancellation
 g - a potion of mutation
 j - a potion of brilliance {unknown}
 m - 2 potions of flight
 r - 2 potions of attraction
 s - 2 potions of curing
 w - a potion of heal wounds
 x - a potion of ambrosia


   Skills:
 + Level 7.3 Fighting
 * Level 9.4 Axes
 * Level 9.7 Armour
 + Level 7.3 Shields


You had 8 spell levels left.
You didn't know any spells.
Your spell library contained the following spells:

 Spells                   Type           Power      Damage    Failure   Level
 Blink                    Tloc           0%         N/A       91%         2
 Momentum Strike          Conj/Tloc      0%         3d8       91%         2
 Lesser Beckoning         Tloc           0%         N/A       99%         3
 Ozocubu's Armour         Ice            0%         N/A       99%         3
 Portal Projectile        Hex/Tloc       0%         N/A       99%         3
 Teleport Other           Tloc           0%         N/A       99%         3
 Passage of Golubria      Tloc           0%         N/A       100%        4
 Borgnjor's Vile Clutch   Necr/Erth      0%         N/A       100%        5
 Silence                  Hex/Air        0%         N/A       100%        5
 Ozocubu's Refrigeration  Ice            0%         4d7       100%        7
 Disjunction              Tloc           0%         N/A       100%        8
 Lehudib's Crystal Spear  Conj/Erth      0%         10d2      100%        8


Dungeon Overview and Level Annotations

Branches:
Dungeon (8/15)             Temple (1/1) D:4           Sewer (visited)
   Lair: D:8-11

Altars:
Ashenzari
Cheibriados
Dithmenos
Elyvilon
Fedhas
Gozag
Hepliaklqana
Kikubaaqudgha
Makhleb
Okawaru
Qazlal
Ru
Sif Muna
Trog
Uskayaw
Vehumet
Wu Jian
Xom
Yredelemnul
Zin
The Shining One

Shops:
D:5 :

Annotations:
D:7 3 runed translucent doors, anet's ghost, novice GnHW


Innate Abilities, Weirdness & Mutations

You have a pair of horns on your head.
You reflexively headbutt those who attack you in melee.


Message History

You barely miss the two-headed ogre.
The two-headed ogre hits you with a +0 giant spiked club!!
The two-headed ogre hits you with a +0 giant club.
You hit the two-headed ogre.
Your weapon exudes an aura of protection.
You headbutt the two-headed ogre.
The two-headed ogre is lightly wounded.
You hit the kobold but do no damage.
A kobold brigand comes into view.
It is wielding a +0 short sword and quivering poisoned darts.
The kobold barely misses you.
The kobold brigand shouts!
You slash the two-headed ogre! You headbutt the two-headed ogre!
The two-headed ogre is heavily wounded.
You closely miss the kobold.
You hear a shout! x2
The kobold hits you but does no damage.
The two-headed ogre hits you with a +0 giant spiked club.
The two-headed ogre barely misses you.
You completely miss the two-headed ogre.
The two-headed ogre is heavily wounded.
You closely miss the kobold. x2; The kobold hits you but does no damage.
You feel drained. The kobold hits you but does no damage.
You slash the two-headed ogre!
The two-headed ogre is severely wounded.
You closely miss the kobold. You barely miss the kobold. x2
The two-headed ogre hits you with a +0 giant spiked club!!
* * * LOW HITPOINT WARNING * * *
You block the two-headed ogre's attack. The kobold hits you but does no damage.
You feel drained. The kobold completely misses you.
A kobold brigand comes into view.
It is wielding a +0 dagger and quivering curare-tipped darts.
You hit the two-headed ogre.
The two-headed ogre is severely wounded.
You hit the kobold. You hit the kobold but do no damage.
You closely miss the kobold. The kobold barely misses you.
You furiously retaliate!
You headbutt the kobold.
You kill the kobold!
The kobold barely misses you. The kobold closely misses you.
The two-headed ogre hits you with a +0 giant spiked club!
You die...
Your body crumbles into a pile of gold.

**,,,.#..##.#***..### *,*
**...,#.......*.#....#***,**
*,...##...#...,.....#**,,,,*
,,*#..#......###.#..##.,,,,****
*,**#........##........,,,,,*,***
*** *#....##.......#*,,#*,,,,^,,,
** #.....#.......##..#*,,,,,,,,
.*####..................,,,,,,,,,
#.#............K@O......,,,,,,,$,
#.....##..###..KK$.##)..,,,,,*,**
..##.###..# #........>.,,,,,**,**
.,#...##..####..K.......,,******
,*##.##....#*..........K,,,*,,,**
,,*#.##....###.###..##.#*,,,,,,*,
,**#.....#.....,,,..#**#,,,,,,,,,
#* #....##.....,,,...,***,,,,,,*,
.###..........,,,,,,,,,,,,,**,,**


You could see a two-headed ogre, 2 kobold brigands and 3 kobolds.

Vanquished Creatures
  A komodo dragon (D:7)
  Sigmund (D:4)
  Eustachio (D:5)
  A wyvern (D:8)
  3 water moccasins
  An orc warrior (D:7)
  2 ice beasts
  2 black bears
  A centaur (D:5)
  A kobold brigand (D:7)
  A necrophage (D:5)
  3 scorpions
  5 wights (D:7)
  2 howler monkeys (D:6)
  2 jellies (D:6)
  2 hounds
  5 orc priests
  An iguana (D:5)
  3 orc wizards
  7 gnolls
  5 adders
  2 river rats (D:3)
  A shadow imp (D:4)
  A white imp (D:6)
  3 worms
  2 dart slugs
  23 orcs
  10 ball pythons
  2 endoplasms
  3 giant cockroaches
  11 hobgoblins
  2 jackals (D:4)
  5 quokkas
  11 bats
  3 frilled lizards
  10 goblins
  11 kobolds
  10 rats
160 creatures vanquished.

Notes
Turn   | Place    | Note
-------+----------+-------------------------------------------
     0 | D:1      | Citaku the Minotaur Fighter began the quest for the Orb.
     0 | D:1      | Reached XP level 1. HP: 19/19 MP: 0/0
   311 | D:1      | Reached XP level 2. HP: 27/27 MP: 1/1
   657 | D:2      | Found a radiant altar of Vehumet.
   811 | D:2      | Reached XP level 3. HP: 33/33 MP: 2/2
  1471 | D:3      | Found a glowing drain.
  1492 | D:3      | Reached XP level 4. HP: 22/40 MP: 3/3
  1559 | Sewer    | Entered a sewer
  1582 | Sewer    | Noticed a water moccasin
  1587 | Sewer    | Killed a water moccasin
  1588 | Sewer    | Reached skill level 5 in Armour
  1588 | Sewer    | Reached XP level 5. HP: 33/47 MP: 4/4
  2400 | D:4      | Noticed a black bear
  2410 | D:4      | Killed a black bear
  2411 | D:4      | Reached skill level 5 in Axes
  2411 | D:4      | Reached XP level 6. HP: 47/55 MP: 5/5
  2503 | D:4      | Reached skill level 5 in Fighting
  2503 | D:4      | Reached skill level 5 in Shields
  2635 | D:4      | Noticed Sigmund
  2647 | D:4      | Killed Sigmund
  2648 | D:4      | Reached XP level 7. HP: 53/61 MP: 6/6
  2950 | D:4      | Found a staircase to the Ecumenical Temple.
  3002 | Temple   | Entered the Ecumenical Temple
  3016 | Temple   | Became a worshipper of Gozag Ym Sagoz the Greedy
  3311 | D:5      | Entered Level 5 of the Dungeon
  3667 | D:5      | Got the Essays on Dislocated Debased Acts
  3792 | D:5      | Reached XP level 8. HP: 70/70 MP: 7/7
  3926 | D:5      | Found Vimepie's Book Emporium.
  3987 | D:5      | Noticed Eustachio
  4006 | D:5      | Killed Eustachio
  4398 | D:6      | Found a glowing silver altar of Zin.
  4406 | D:6      | Found an ancient bone altar of Kikubaaqudgha.
  4409 | D:6      | Found a glowing golden altar of the Shining One.
  4409 | D:6      | Found a radiant altar of Vehumet.
  4416 | D:6      | Found a shimmering blue altar of Sif Muna.
  5619 | D:7      | Noticed a hornet
  5625 | D:7      | Noticed a komodo dragon
  5653 | D:7      | Killed a komodo dragon
  5654 | D:7      | Reached XP level 9. HP: 40/78 MP: 8/8
  6648 | D:7      | Noticed anet's ghost (novice GnHW)
  6649 | D:7      | Found a runed translucent gate.
  6649 | D:7      | Found a runed translucent gate.
  6649 | D:7      | Found a runed translucent gate.
  7644 | D:8      | Noticed a two-headed ogre
  7655 | D:8      | Mangled by a two-headed ogre

Illustrated notes

Levels and vault maps discovered:
D:1:      dpeg_arrival_prison, layout_basic
D:2:      layout_basic, basic_altar, due_unseen_surprise
D:3:      layout_basic, portal_sewer_entry_a, corexii_hall_statues_u
D:4:      layout_rooms, temple_hall, uniq_sigmund
D:5:      layout_basic, serial_shops, shop, uniq_eustachio
D:6:      layout_basic, nicolae_overflow_hallway_of_the_gods,
          kennysheep_generic_room_5
D:7:      layout_loops_corners, biasface_ghost_orc_armoury,
          nicolae_fountain_basement
D:8:      layout_cave_pools, uniq_pikel
Temple:   eino_temple_scatter_basement

Skill      XL: |  1  2  3  4  5  6  7  8  9 |
---------------+----------------------------+-----
Armour         | 4 5 6 7 8 9 |  9.7
Axes           | 3 4 5 6 8 9 |  9.4
Fighting       | 4 5 6 7 |  7.3
Shields        | 4 5 6 7 |  7.3

Action                   |  1- 3 |  4- 6 |  7- 9 || total
-------------------------+-------+-------+-------++-------
Melee: War axe           |    51 |       |       ||    51
       Headbutt          |     6 |    16 |    49 ||    71
       Hand axe          |    42 |    99 |   198 ||   339
  Use: Potion            |       |     1 |     4 ||     5
       Scroll            |       |       |    20 ||    20
 Stab: Distracted        |       |       |     1 ||     1
Armor: Scale mail        |    62 |    48 |    90 ||   200
Dodge: Dodged            |    60 |    51 |    96 ||   207
Block: Buckler           |    25 |    22 |    43 ||    90

Table legend: (Time is in decaauts)
 A = Elapsed time spent in this place.
 B = Non-inter-level travel time spent in this place.
 C = Inter-level travel time spent in this place.
 D = Time resting spent in this place.
 E = Time spent auto-exploring this place.
 F = Levels seen in this place.
 G = Mean time per level.
                   A        B        C        D        E       F      G
               +--------+--------+--------+--------+--------+-----+--------+
         Total |   7699 |   7550 |    149 |    826 |   5170 |  10 |  769.9 |
       Dungeon |   7300 |   7151 |    149 |    766 |   4910 |   8 |  912.5 |
        Temple |    234 |    234 |      0 |      0 |    183 |   1 |  234.0 |
         Sewer |    164 |    164 |      0 |     60 |     77 |   1 |  164.0 |
               +--------+--------+--------+--------+--------+-----+--------+

Top non-repeatable levels by time:
     D:7: 2145 daAuts
     D:6: 1207 daAuts
     D:3: 908 daAuts
     D:5: 799 daAuts
     D:4: 698 daAuts
     D:2: 688 daAuts
     D:1: 654 daAuts
  Temple: 234 daAuts
     D:8: 197 daAuts
   Sewer: 164 daAuts
